General information
- name: BNet
- type: Ladder team game (AT/RT)
- host: Battle.net
- saver: KODOS_FOR_SAKEN
map: Mur'gulOasis
- players: 8
- length: 59:58
- speed: Fast
- version: 1.26 W3XP
- replay type: Public
» download(210 KB)
Players
team 1 (loser)
elfomatar (
purple | 17 APM | 889 actions | 51:28)
2 Blademaster
1 Wind Walk
1 Critical Strike
» actions
| Assign group hotkey | 12 | |
| Basic commands | 39 | |
| Build / train | 135 | |
| Enter build submenu | 43 | |
| Enter hero's abilities submenu | 2 | |
| Remove unit from queue | 20 | |
| Right click | 187 | |
| Select / deselect | 368 | |
| Select group hotkey | 22 | |
| Use ability | 61 | |
889 total
» units
| Peon | 22 | |
| Troll Headhunter/Berserker | 55 | |
| Wind Rider | 12 | |
| Grunt | -1 | |
88 total
» upgrades
| Ranged Weapons | 4 | |
| Armor | 4 | |
| Melee Weapons | 2 | |
| Spiked Barricades | 1 | |
| Troll Regeneration | 3 | |
| Berserker Strength | 1 | |
| Shaman Training | 1 | |
| Witch Doctor Training | 1 | |
| Pulverize | 1 | |
| Envenomed Spears | 1 | |
19 total
» buildings
| Altar of Storms | 1 | |
| Orc Burrow | 16 | |
| War Mill | 3 | |
| Barracks | 3 | |
| Voodoo Lounge | 1 | |
| Stronghold | 2 | |
| Watch Tower | 1 | |
| Fortress | 0 | |
| Spirit Lodge | 3 | |
| Tauren Totem | 3 | |
| Beastiary | 2 | |
| Great Hall | 1 | |
36 total
» build order
00:25 Altar of Storms
00:47 Orc Burrow
00:59 War Mill
01:12 Barracks
02:12 Orc Burrow
02:46 Voodoo Lounge
04:20 Orc Burrow
05:06 Stronghold
05:37 Orc Burrow
05:52 Orc Burrow
06:56 Watch Tower
09:48 Fortress
12:38 Spirit Lodge
12:42 Tauren Totem
12:45 Spirit Lodge
12:48 Spirit Lodge
12:54 Tauren Totem
13:40 Tauren Totem
13:50 Beastiary
24:12 Orc Burrow
24:15 Orc Burrow
24:27 Orc Burrow
24:30 Orc Burrow
24:33 Orc Burrow
25:20 War Mill
25:30 Beastiary
31:13 Barracks
33:16 Orc Burrow
33:29 Orc Burrow
34:25 Orc Burrow
35:06 Orc Burrow
36:37 War Mill
41:46 Great Hall
43:32 Orc Burrow
43:52 Orc Burrow
44:24 Stronghold
46:29 Barracks
» items
| Healing Salve | 2 | |
| Lesser Clarity Potion | 1 | |
3 total
JAYCUTLERSUCKS (
blue | 42 APM | 2528 actions | 59:57)
10 Death Knight
3 Death Coil
3 Unholy Aura
1 Animate Dead
3 Death Pact
4 Shadow Hunter
2 Hex
2 Healing Wave
1 Blademaster
1 Wind Walk
1 Blood Mage
1 Flame Strike
» actions
| Assign group hotkey | 52 | |
| Basic commands | 10 | |
| Build / train | 109 | |
| Enter build submenu | 28 | |
| Enter hero's abilities submenu | 18 | |
| Give item / drop item | 5 | |
| Remove unit from queue | 1 | |
| Right click | 989 | |
| Select / deselect | 363 | |
| Select group hotkey | 844 | |
| Use ability | 109 | |
2528 total
» units
| Acolyte | 12 | |
| Ghoul | 6 | |
| Crypt Fiend | 4 | |
| Gargoyle | 3 | |
| Frost Wyrm | 16 | |
| Troll Headhunter/Berserker | 5 | |
| Tauren | 2 | |
| Banshee | 3 | |
| Peasant | 5 | |
56 total
» upgrades
| Creature Attack | 3 | |
| Web | 1 | |
| Creature Carapace | 3 | |
| Freezing Breath | 1 | |
| Banshee Training | 2 | |
10 total
» buildings
| Graveyard | 1 | |
| Crypt | 2 | |
| Altar of Darkness | 1 | |
| Ziggurat | 10 | |
| Tomb of Relics | 1 | |
| Nerubian Tower | 3 | |
| Halls of the Dead | 1 | |
| Sacrificial Pit | 1 | |
| Black Citadel | 2 | |
| Boneyard | 4 | |
| Spirit Tower | 4 | |
| Necropolis | 1 | |
| Altar of Storms | 1 | |
| Temple of the Damned | 2 | |
| Town Hall | 1 | |
| Keep | 1 | |
| Altar of Kings | 1 | |
| Castle | 1 | |
38 total
» build order
00:09 Graveyard
00:14 Crypt
00:43 Altar of Darkness
01:06 Ziggurat
01:41 Tomb of Relics
02:02 Nerubian Tower
02:12 Ziggurat
03:56 Halls of the Dead
04:34 Ziggurat
05:14 Ziggurat
06:18 Sacrificial Pit
06:38 Black Citadel
06:39 Black Citadel
07:33 Crypt
07:36 Ziggurat
07:37 Ziggurat
09:29 Boneyard
09:31 Boneyard
13:29 Spirit Tower
13:33 Spirit Tower
13:34 Spirit Tower
19:09 Ziggurat
19:09 Ziggurat
23:18 Necropolis
33:28 Nerubian Tower
35:09 Altar of Storms
40:33 Temple of the Damned
40:35 Temple of the Damned
44:30 Town Hall
46:24 Boneyard
46:25 Boneyard
46:47 Ziggurat
46:48 Ziggurat
47:36 Keep
48:54 Altar of Kings
53:16 Nerubian Tower
55:57 Castle
» items
| Rod of Necromancy | 2 | |
| Staff of Teleportation | 1 | |
| Potion of Lesser Invulnerability | 2 | |
| Orb of Corruption | 1 | |
| Scroll of Town Portal | 2 | |
| Scroll of Healing | 1 | |
9 total
DIRTYPENlS (
yellow | 22 APM | 254 actions | 11:19)
3 Blademaster
2 Wind Walk
1 Critical Strike
» actions
| Assign group hotkey | 4 | |
| Build / train | 25 | |
| Enter build submenu | 9 | |
| Enter hero's abilities submenu | 3 | |
| Right click | 74 | |
| Select / deselect | 46 | |
| Select group hotkey | 78 | |
| Use ability | 15 | |
254 total
» units
» upgrades
| Armor | 2 | |
| Spiked Barricades | 1 | |
| Melee Weapons | 1 | |
4 total
» buildings
| Altar of Storms | 1 | |
| Orc Burrow | 5 | |
| Barracks | 1 | |
| Voodoo Lounge | 1 | |
| War Mill | 1 | |
| Stronghold | 1 | |
| Fortress | 1 | |
11 total
» build order
00:04 Altar of Storms
00:12 Orc Burrow
00:48 Barracks
01:33 Orc Burrow
02:42 Orc Burrow
03:51 Orc Burrow
04:10 Voodoo Lounge
04:14 War Mill
04:51 Orc Burrow
06:13 Stronghold
08:34 Fortress
» items
| Healing Salve | 1 | |
| Lesser Clarity Potion | 1 | |
2 total
persianlion (
red | 19 APM | 293 actions | 15:41)
3 Far Seer
1 Feral Spirit
2 Chain Lighting
» actions
| Assign group hotkey | 5 | |
| Build / train | 57 | |
| ESC pressed | 1 | |
| Enter build submenu | 21 | |
| Enter hero's abilities submenu | 3 | |
| Remove unit from queue | 3 | |
| Right click | 62 | |
| Select / deselect | 97 | |
| Select group hotkey | 2 | |
| Use ability | 41 | |
293 total
» units
| Peon | 4 | |
| Grunt | 6 | |
| Troll Batrider | 26 | |
| Makrura Snapper | 1 | |
| Giant Sea Turtle | 1 | |
| Mur'gul Snarecaster | 1 | |
| Makrura Deepseer | 1 | |
| Troll Headhunter/Berserker | 8 | |
48 total
» buildings
| Altar of Storms | 1 | |
| Orc Burrow | 5 | |
| Barracks | 1 | |
| Stronghold | 1 | |
| Beastiary | 2 | |
| Voodoo Lounge | 1 | |
| Watch Tower | 10 | |
21 total
» build order
00:12 Altar of Storms
00:19 Orc Burrow
00:43 Barracks
01:43 Orc Burrow
03:47 Stronghold
06:25 Beastiary
06:30 Voodoo Lounge
08:08 Orc Burrow
10:03 Orc Burrow
10:08 Orc Burrow
12:54 Beastiary
13:01 Watch Tower
13:05 Watch Tower
13:09 Watch Tower
13:13 Watch Tower
13:20 Watch Tower
13:23 Watch Tower
13:30 Watch Tower
13:37 Watch Tower
13:43 Watch Tower
13:53 Watch Tower
» items
team 2 (winner)
KODOS_FOR_SAKEN (
pink | 39 APM | 2320 actions | 59:58)
10 Mountain King
3 Storm Bolt
3 Bash
1 Avatar
3 Thunder Clap
5 Archmage
3 Summon Water Elemental
1 Mass Teleport
1 Brilliance Aura
» actions
| Assign group hotkey | 153 | |
| Basic commands | 185 | |
| Build / train | 119 | |
| Enter build submenu | 52 | |
| Enter hero's abilities submenu | 15 | |
| Give item / drop item | 8 | |
| Remove unit from queue | 12 | |
| Right click | 797 | |
| Select / deselect | 531 | |
| Select group hotkey | 342 | |
| Use ability | 103 | |
2320 total
» units
| Peasant | 18 | |
| Footman | 9 | |
| Gryphon Rider | 28 | |
55 total
» upgrades
| Masonry | 3 | |
| Animal War Training | 1 | |
| Storm Hammers | 1 | |
| Swords | 3 | |
| Armor | 3 | |
| Lumber Harvesting | 1 | |
| Backpack | 1 | |
| Magic Sentry | 1 | |
14 total
» buildings
| Altar of Kings | 3 | |
| Barracks | 1 | |
| Farm | 26 | |
| Scout Tower | 7 | |
| Keep | 6 | |
| Arcane Tower | 3 | |
| Lumber Mill | 2 | |
| Castle | 2 | |
| Blacksmith | 1 | |
| Gryphon Aviary | 4 | |
| Arcane Vault | 2 | |
| Town Hall | 2 | |
| Arcane Sanctum | 1 | |
60 total
» build order
00:04 Altar of Kings
00:08 Barracks
00:10 Farm
01:25 Farm
02:11 Farm
02:37 Scout Tower
02:58 Keep
02:58 Keep
02:58 Keep
03:08 Arcane Tower
03:23 Lumber Mill
03:41 Farm
04:33 Farm
05:24 Castle
07:02 Blacksmith
07:59 Gryphon Aviary
08:06 Gryphon Aviary
08:20 Arcane Vault
09:57 Farm
11:51 Farm
12:30 Farm
14:36 Farm
18:58 Farm
18:58 Farm
21:16 Farm
21:18 Farm
28:23 Town Hall
32:24 Farm
32:26 Farm
33:23 Arcane Vault
33:30 Farm
34:43 Farm
35:03 Farm
36:37 Farm
36:47 Farm
37:56 Farm
37:59 Farm
38:05 Farm
39:09 Farm
40:06 Farm
41:26 Scout Tower
41:32 Keep
43:01 Farm
43:10 Scout Tower
43:12 Scout Tower
43:18 Scout Tower
43:58 Altar of Kings
44:07 Lumber Mill
45:42 Altar of Kings
45:46 Scout Tower
46:32 Castle
46:45 Arcane Sanctum
48:21 Town Hall
48:23 Arcane Tower
50:09 Scout Tower
50:38 Arcane Tower
51:22 Gryphon Aviary
51:26 Gryphon Aviary
» items
| Staff of Teleportation | 1 | |
| Boots of Speed | 1 | |
| Orb of Fire | 2 | |
| Scroll of Town Portal | 2 | |
| Scroll of Regeneration | 1 | |
| Potion of Healing | 3 | |
| Potion of Mana | 1 | |
11 total
DIGAO6969 (
green | 16 APM | 958 actions | 58:23)
6 Crypt Lord
2 Impale
3 Spiked Carapace
1 Locust Swarm
» actions
| Assign group hotkey | 16 | |
| Basic commands | 5 | |
| Build / train | 39 | |
| Enter build submenu | 15 | |
| Enter hero's abilities submenu | 6 | |
| Right click | 403 | |
| Select / deselect | 233 | |
| Select group hotkey | 208 | |
| Use ability | 33 | |
958 total
» units
| Acolyte | 2 | |
| Ghoul | 9 | |
| Crypt Fiend | 4 | |
| Frost Wyrm | 5 | |
20 total
» upgrades
| Freezing Breath | 1 | |
| Web | 1 | |
| Creature Attack | 1 | |
| Creature Carapace | 1 | |
4 total
» buildings
| Crypt | 2 | |
| Ziggurat | 6 | |
| Altar of Darkness | 1 | |
| Graveyard | 1 | |
| Halls of the Dead | 1 | |
| Nerubian Tower | 1 | |
| Spirit Tower | 3 | |
| Tomb of Relics | 1 | |
| Black Citadel | 1 | |
| Sacrificial Pit | 1 | |
| Boneyard | 2 | |
20 total
» build order
00:17 Crypt
00:20 Ziggurat
00:33 Altar of Darkness
01:10 Ziggurat
01:21 Graveyard
01:38 Crypt
03:23 Halls of the Dead
03:39 Nerubian Tower
03:51 Spirit Tower
04:00 Tomb of Relics
04:40 Ziggurat
06:00 Black Citadel
06:02 Spirit Tower
07:47 Sacrificial Pit
07:52 Ziggurat
08:38 Boneyard
10:17 Boneyard
12:18 Ziggurat
12:35 Ziggurat
15:31 Spirit Tower
» items
| Scroll of Town Portal | 1 | |
| Staff of Teleportation | 1 | |
2 total

»
LordsPrayer420 (
orange | 30 APM | 581 actions | 19:36)
4 Death Knight
2 Unholy Aura
2 Death Coil
3 Dreadlord
2 Vampiric Aura
1 Sleep
» actions
| Build / train | 79 | |
| Enter build submenu | 20 | |
| Enter hero's abilities submenu | 7 | |
| Remove unit from queue | 5 | |
| Right click | 276 | |
| Select / deselect | 171 | |
| Use ability | 23 | |
581 total
» units
| Acolyte | 8 | |
| Ghoul | 9 | |
| Crypt Fiend | 32 | |
| Frost Wyrm | 5 | |
54 total
» upgrades
| Creature Attack | 1 | |
| Web | 1 | |
| Freezing Breath | 1 | |
3 total
» buildings
| Ziggurat | 11 | |
| Crypt | 1 | |
| Altar of Darkness | 1 | |
| Graveyard | 1 | |
| Nerubian Tower | 2 | |
| Spirit Tower | 4 | |
| Halls of the Dead | 1 | |
| Black Citadel | 1 | |
| Sacrificial Pit | 1 | |
| Boneyard | 1 | |
24 total
» build order
00:08 Ziggurat
00:13 Crypt
00:17 Altar of Darkness
01:31 Ziggurat
01:36 Graveyard
01:57 Nerubian Tower
02:31 Nerubian Tower
03:54 Ziggurat
04:13 Ziggurat
05:01 Spirit Tower
06:26 Halls of the Dead
07:02 Spirit Tower
09:11 Black Citadel
09:27 Ziggurat
11:42 Sacrificial Pit
11:52 Ziggurat
12:38 Boneyard
16:27 Ziggurat
18:18 Spirit Tower
18:20 Spirit Tower
18:33 Ziggurat
18:35 Ziggurat
18:42 Ziggurat
18:47 Ziggurat

»
Mr.Fox.Br (
teal | 22 APM | 891 actions | 41:06)
5 Dreadlord
3 Sleep
2 Carrion Swarm
3 Death Knight
2 Death Coil
1 Unholy Aura
» actions
| Assign group hotkey | 15 | |
| Basic commands | 1 | |
| Build / train | 40 | |
| Enter build submenu | 18 | |
| Enter hero's abilities submenu | 8 | |
| Right click | 453 | |
| Select / deselect | 293 | |
| Select group hotkey | 30 | |
| Use ability | 33 | |
891 total
» units
| Acolyte | 2 | |
| Ghoul | 5 | |
| Crypt Fiend | 8 | |
| Obsidian Statue | 3 | |
| Abomination | 2 | |
| Frost Wyrm | 3 | |
23 total
» upgrades
» buildings
| Ziggurat | 8 | |
| Crypt | 1 | |
| Altar of Darkness | 1 | |
| Tomb of Relics | 1 | |
| Nerubian Tower | 2 | |
| Graveyard | 1 | |
| Halls of the Dead | 1 | |
| Slaughterhouse | 1 | |
| Black Citadel | 1 | |
| Sacrificial Pit | 1 | |
| Boneyard | 2 | |
20 total
» build order
00:11 Ziggurat
00:13 Crypt
00:42 Altar of Darkness
01:02 Tomb of Relics
01:14 Nerubian Tower
02:19 Graveyard
02:34 Ziggurat
04:03 Nerubian Tower
04:44 Halls of the Dead
05:20 Ziggurat
07:22 Slaughterhouse
08:42 Ziggurat
08:45 Ziggurat
10:22 Black Citadel
10:25 Sacrificial Pit
11:37 Ziggurat
13:13 Boneyard
13:39 Boneyard
14:18 Ziggurat
14:29 Ziggurat
» items
Chat log
(00:17 / Allies) KODOS_FOR_SAKEN: plan?
(00:25 / Allies) LordsPrayer420: fiends then wyrms
(04:59 / Allies) KODOS_FOR_SAKEN: stop following me
(05:00 / Allies) KODOS_FOR_SAKEN: leecher
(05:06 / Allies) LordsPrayer420: lol
(05:08 / Allies) LordsPrayer420: no
(05:17 / Allies) LordsPrayer420: faggot
(05:19 / Allies) KODOS_FOR_SAKEN: gtfo
(05:30 / Allies) KODOS_FOR_SAKEN: gtfo
(05:31 / Allies) LordsPrayer420: what do you mean leecher
(05:32 / Allies) KODOS_FOR_SAKEN: stop leeching
(05:33 / Allies) KODOS_FOR_SAKEN: my xp
(05:38 / Allies) KODOS_FOR_SAKEN: faggot
(05:39 / Allies) KODOS_FOR_SAKEN: go away
(05:41 / Allies) LordsPrayer420: im just tryna creep with you
(05:45 / Allies) LordsPrayer420: dog
(05:48 / Allies) KODOS_FOR_SAKEN: fine m8
(05:54 / Allies) LordsPrayer420: chill
(05:58 / Allies) LordsPrayer420: "dude"
(08:43 / Allies) DIGAO6969: wood?
(08:47 / Allies) KODOS_FOR_SAKEN: I need wood too
(09:26 / Allies) DIGAO6969: tp base teal
(09:37 / Allies) KODOS_FOR_SAKEN: wood please
(09:40 / Allies) KODOS_FOR_SAKEN: to make gryphons
(09:44 / Allies) DIGAO6969: uip all tower
(09:48 / Allies) KODOS_FOR_SAKEN: thanks
(10:20 / Allies) KODOS_FOR_SAKEN: kill them
(10:22 / Allies) KODOS_FOR_SAKEN: their army is easy
(10:25 / Allies) KODOS_FOR_SAKEN: help teal
(12:19 / All) KODOS_FOR_SAKEN: thanks for the free xo
(12:21 / All) KODOS_FOR_SAKEN: xp
(12:22 / All) KODOS_FOR_SAKEN: brospeh
(12:54 / Allies) KODOS_FOR_SAKEN: gold please
(14:12 / Allies) KODOS_FOR_SAKEN: gold please
(14:39 / Allies) KODOS_FOR_SAKEN: gold please
(15:07 / Allies) KODOS_FOR_SAKEN: gold please
(16:06 / Allies) KODOS_FOR_SAKEN: gold please
(16:14 / Allies) KODOS_FOR_SAKEN: gold dammit
(16:16 / Allies) KODOS_FOR_SAKEN: to make us auto win
(16:18 / Allies) KODOS_FOR_SAKEN: with gryphs
(16:42 / Allies) KODOS_FOR_SAKEN: GOLD GOD DAMN
(17:58 / Allies) KODOS_FOR_SAKEN: gold please
(18:00 / Allies) KODOS_FOR_SAKEN: god damn
(18:47 / Allies) Mr.Fox.Br: what the fuck are u doing???
(18:51 / Allies) KODOS_FOR_SAKEN: ?
(18:59 / Allies) Mr.Fox.Br: mothe fucker
(19:01 / Allies) Mr.Fox.Br: noob
(19:05 / Allies) DIGAO6969: atack fuck noob
(19:07 / Allies) KODOS_FOR_SAKEN: huh?
(19:18 / Allies) DIGAO6969: shit bastrd
(19:19 / Allies) LordsPrayer420: ok
(19:21 / Allies) LordsPrayer420: cool
(19:25 / Allies) LordsPrayer420: thanks
(19:41 / All) KODOS_FOR_SAKEN: RAPE
(19:44 / All) KODOS_FOR_SAKEN: OWNED
(19:46 / All) KODOS_FOR_SAKEN: NOOBS
(19:47 / All) KODOS_FOR_SAKEN: 1v3
(19:49 / All) KODOS_FOR_SAKEN: FAGGOTS
(20:17 / All) Mr.Fox.Br: pink
(20:22 / Allies) DIGAO6969: stopppppppppp pink nooooooooob
(20:30 / Allies) Mr.Fox.Br: go fuck ur self fuck noob!
(20:33 / All) JAYCUTLERSUCKS: leave noobs i owned u 1v4
(20:39 / All) KODOS_FOR_SAKEN: go fuck ur self fuck noob! - teal
(20:52 / All) Mr.Fox.Br: yeah noob but ur allie dont destroy your base
(21:01 / All) KODOS_FOR_SAKEN: I raped you faggots 1v3
(21:04 / All) KODOS_FOR_SAKEN: don't act like you're better
(21:07 / All) KODOS_FOR_SAKEN: dumbass
(21:26 / Allies) Mr.Fox.Br: fuck u fat noob
(21:30 / Allies) DIGAO6969: lost game wim
(21:31 / All) KODOS_FOR_SAKEN: fuck u fat noob - teal
(21:32 / All) KODOS_FOR_SAKEN: he mad
(21:35 / All) KODOS_FOR_SAKEN: he really mad
(21:40 / All) JAYCUTLERSUCKS: lawl
(21:46 / All) KODOS_FOR_SAKEN: I'm killing his shit easy
(21:49 / All) KODOS_FOR_SAKEN: he sucks so bad
(21:51 / All) KODOS_FOR_SAKEN: awful player
(21:54 / All) KODOS_FOR_SAKEN: probably brazilian
(22:12 / All) Mr.Fox.Br: u dont have anthing to do?
(22:19 / All) KODOS_FOR_SAKEN: oj trying to kill me with 1 dl and 2 fiends
(22:21 / All) KODOS_FOR_SAKEN: dumbass
(22:32 / Allies) Mr.Fox.Br: like put ur fat finger in ur ass?
(22:54 / All) Mr.Fox.Br: i hate this fucking noobs
(22:56 / All) KODOS_FOR_SAKEN: lol u mad
(22:58 / All) KODOS_FOR_SAKEN: bro
(23:03 / All) KODOS_FOR_SAKEN: you lost 1v3
(23:04 / All) KODOS_FOR_SAKEN: raped
(23:05 / All) KODOS_FOR_SAKEN: son
(23:11 / All) KODOS_FOR_SAKEN: you fail at life AND this game
(23:12 / All) Mr.Fox.Br: please blue, rape him...
(23:12 / Allies) DIGAO6969: noob lvl 1 IS FUCKKKKKK
(23:13 / All) KODOS_FOR_SAKEN: you're so bad
(23:17 / All) KODOS_FOR_SAKEN: I know blue dumbass
(23:19 / All) KODOS_FOR_SAKEN: he's a friend
(23:26 / All) KODOS_FOR_SAKEN: he's raping your asshole hard with his army
(23:32 / All) KODOS_FOR_SAKEN: his whole army wants a piece of the rape
(23:38 / All) KODOS_FOR_SAKEN: cause you're so bad
(23:43 / All) KODOS_FOR_SAKEN: fiendlicker
(23:44 / All) Mr.Fox.Br: he is ur boyfriend
(23:48 / All) Mr.Fox.Br: go fuck him
(23:50 / Allies) DIGAO6969: WIN GAME ONLY BASTARDDDDDDDDDDDD
(23:50 / All) KODOS_FOR_SAKEN: yep, u jelly?
(23:54 / All) KODOS_FOR_SAKEN: at least I have a bf
(23:54 / All) Mr.Fox.Br: noob mthe fucker
(23:59 / All) KODOS_FOR_SAKEN: you're a lonely virgin
(24:03 / All) KODOS_FOR_SAKEN: masturbating to dark rangers on the computer
(24:05 / All) JAYCUTLERSUCKS: I LIKE COCK TEAL
(24:08 / All) KODOS_FOR_SAKEN: because you're such a fag
(24:12 / All) Mr.Fox.Br: lol
(24:30 / All) DIGAO6969: PLS KILL PINK NOOOB
(24:37 / All) KODOS_FOR_SAKEN: lol
(24:37 / All) Mr.Fox.Br: i cant believe that a play with a fag mothe fucker
(24:38 / All) KODOS_FOR_SAKEN: they mad
(24:40 / All) DIGAO6969: VERY NOOOOOOOOOOOOB
(24:41 / All) KODOS_FOR_SAKEN: they badly want the win
(24:44 / All) JAYCUTLERSUCKS: ty purp
(24:46 / All) KODOS_FOR_SAKEN: blue is working with me dumbfuck
(24:52 / All) KODOS_FOR_SAKEN: that's why we're on 0-0 accounts
(24:55 / All) KODOS_FOR_SAKEN: to get matched together
(24:56 / All) DIGAO6969: NOOOB LVL 1 IS FUCKKKK
(24:57 / All) KODOS_FOR_SAKEN: retard
(25:09 / All) KODOS_FOR_SAKEN: blue is a former rank #1 rt player
(25:16 / All) KODOS_FOR_SAKEN: he can rape your asshole 1v7 if he wanted
(25:18 / All) Mr.Fox.Br: u are retard,
(25:20 / All) KODOS_FOR_SAKEN: using only a hero
(25:30 / All) KODOS_FOR_SAKEN: a retard who's way better at this game than you
(25:31 / All) KODOS_FOR_SAKEN: ROFL
(25:33 / All) Mr.Fox.Br: so go suck his cokc
(25:34 / All) KODOS_FOR_SAKEN: 1v3 pwnt
(25:41 / All) Mr.Fox.Br: fagg
(25:46 / All) DIGAO6969: YOU LOSER BASTARD
(25:51 / All) KODOS_FOR_SAKEN: you mad?
(25:56 / All) KODOS_FOR_SAKEN: you really want this win
(25:56 / All) DIGAO6969: KILLL
(25:58 / All) Mr.Fox.Br: now i have to leave to fuck ur fat mother...
(26:00 / All) DIGAO6969: BLUE
(26:04 / All) KODOS_FOR_SAKEN: green is 517-528
(26:08 / All) KODOS_FOR_SAKEN: no wonder he wants it
(26:16 / All) DIGAO6969: BLUE NOOB KILL PINK
(26:25 / All) KODOS_FOR_SAKEN: teal is 58-63
(26:27 / All) KODOS_FOR_SAKEN: dumbass
(26:29 / All) KODOS_FOR_SAKEN: he sucks
(26:56 / All) KODOS_FOR_SAKEN: easy
(26:59 / All) KODOS_FOR_SAKEN: yellow sucks too
(27:08 / All) KODOS_FOR_SAKEN: blue and I are the only wants that don't lick horse tits
(27:31 / All) Mr.Fox.Br: my god u should be a fat nerd...
(27:36 / All) KODOS_FOR_SAKEN: I should be
(27:38 / All) KODOS_FOR_SAKEN: but I'm not
(27:41 / All) DIGAO6969: VERY FATTT
(27:43 / All) Mr.Fox.Br: no no...
(27:58 / All) DIGAO6969: FAT PIG
(28:00 / All) Mr.Fox.Br: fuck u mothe fucker, nigger fat !
(28:09 / All) KODOS_FOR_SAKEN: nigger fat? like your mum?
(28:12 / All) KODOS_FOR_SAKEN: is she bad at sc2 too?
(28:39 / All) DIGAO6969: ANT AIR BLUE NOOB
(28:41 / All) KODOS_FOR_SAKEN: teal wants the win bad
(28:43 / All) KODOS_FOR_SAKEN: too bad he sucks
(28:48 / All) KODOS_FOR_SAKEN: they don't realise you're on my side
(28:48 / All) KODOS_FOR_SAKEN: lol
(29:56 / All) DIGAO6969: AHAHAHHA
(30:00 / All) DIGAO6969: LOST MINE
(30:02 / All) KODOS_FOR_SAKEN: green is a nigger that thinks my expo is AHAAHAHHAAHAH
(30:23 / All) KODOS_FOR_SAKEN: teal and green want the win so bad
(30:23 / All) DIGAO6969: BLUE IS MORE NOOB AND YOU
(30:29 / All) KODOS_FOR_SAKEN: too bad we're killing my base so they lose
(30:36 / All) JAYCUTLERSUCKS: green ur english sucks lawl
(30:42 / All) KODOS_FOR_SAKEN: he's probably brazil
(30:42 / All) DIGAO6969: AUHAUHAUAHHUAHHAU
(30:43 / All) JAYCUTLERSUCKS: america and canada number one
(30:46 / All) KODOS_FOR_SAKEN: I can see that green you dumbass
(30:47 / All) DIGAO6969: BYE PINKKKKKKKK
(30:49 / All) DIGAO6969: NOOOOOB
(30:55 / All) KODOS_FOR_SAKEN: he asked if I could in a pm first
(30:56 / All) KODOS_FOR_SAKEN: retard
(31:00 / All) DIGAO6969: NO ]CRY PINK
(31:02 / All) KODOS_FOR_SAKEN: that's going down so you lose
(31:02 / All) JAYCUTLERSUCKS: purple u here?
(31:04 / All) DIGAO6969: AUHAHAHUHAHUHAUAHAHUUHA
(31:07 / All) DIGAO6969: NOOOOOOOOOOOOOOOOOOOOOB
(31:08 / All) JAYCUTLERSUCKS: ur getting the win ok purple?
(31:23 / All) KODOS_FOR_SAKEN: purp is getting the win, stfu green and go masturbate to legos in brazil
(31:46 / All) DIGAO6969: BYE BYE BASE PINK
(31:48 / All) DIGAO6969: UHAUHAHUAUHAUHAUHUHAUHA
(31:55 / All) KODOS_FOR_SAKEN: stop laughing br style faggot
(31:56 / All) DIGAO6969: VERY VERY FUNNNY
(31:59 / All) Mr.Fox.Br: u only say that couse u are a fat american pig
(32:02 / All) KODOS_FOR_SAKEN: learn to speak american in america
(32:08 / All) KODOS_FOR_SAKEN: I am scottish-canadian you clown
(32:08 / All) DIGAO6969: PIGGG
(32:11 / All) KODOS_FOR_SAKEN: die in a fire
(32:16 / All) Mr.Fox.Br: u too...
(32:22 / All) Mr.Fox.Br: lol, fat nerd!
(32:37 / All) KODOS_FOR_SAKEN: teal has such a pisspoor w/l ratio
(32:49 / All) KODOS_FOR_SAKEN: his grandma could get better and she has brain cancer
(32:50 / All) DIGAO6969: VERY NOOOOOOOB
(32:58 / All) DIGAO6969: KJKKKKKKKKKKKKKKKK
(33:03 / All) KODOS_FOR_SAKEN: you're hilarious
(33:12 / All) KODOS_FOR_SAKEN: I bet everybody on highper.ch will love this
(33:14 / All) KODOS_FOR_SAKEN: to laugh at you
(33:18 / All) KODOS_FOR_SAKEN: and disgrace your family name
(33:30 / All) Mr.Fox.Br: hahahahhaha
(33:37 / All) KODOS_FOR_SAKEN: we're posting this replay there
(33:40 / All) DIGAO6969: BLUE
(33:42 / All) KODOS_FOR_SAKEN: so everybody can laugh at your br accent
(33:48 / All) KODOS_FOR_SAKEN: and anally penetrate you
(33:48 / All) DIGAO6969: PINK IS CENTER MAP MINE
(33:52 / All) KODOS_FOR_SAKEN: LOL
(33:55 / All) KODOS_FOR_SAKEN: he's on my side
(33:57 / All) KODOS_FOR_SAKEN: nutlick
(33:58 / All) Mr.Fox.Br: do you think every bdy is a fucking fat nerd as u???
(33:59 / All) JAYCUTLERSUCKS: GREEN, UR A MEXICAN,
(34:12 / All) DIGAO6969: I BRASILIAN
(34:17 / All) KODOS_FOR_SAKEN: Nobody can have as bad of a w/l ratio as green or teal
(34:20 / All) JAYCUTLERSUCKS: CHILE OWNS BRAZIL
(34:23 / All) KODOS_FOR_SAKEN: they blow major rhino dongs
(34:26 / All) JAYCUTLERSUCKS: ARGENTIA AS WELL
(34:29 / All) KODOS_FOR_SAKEN: true
(34:30 / All) JAYCUTLERSUCKS: ARGENTIA > BRAZIL
(34:34 / All) DIGAO6969: BRASIL
(34:36 / All) KODOS_FOR_SAKEN: everywhere is better than brazil
(34:47 / All) Mr.Fox.Br: ahhahahahahahaha
(34:54 / All) KODOS_FOR_SAKEN: brazil is for poor chumps that can't move to a non-3rd world country
(34:57 / All) DIGAO6969: BLUE YOU WIN
(34:59 / All) KODOS_FOR_SAKEN: for poor homosexual blacks
(35:08 / All) Mr.Fox.Br: hahahahahah
(35:24 / Allies) Mr.Fox.Br: unless we are not fat niggers as u...
(35:25 / All) KODOS_FOR_SAKEN: do you enjoy 0.58 mbit internet?
(35:33 / All) KODOS_FOR_SAKEN: and starving with cholera?
(35:40 / All) Mr.Fox.Br: lol
(35:56 / All) KODOS_FOR_SAKEN: cholera kills fast, see a doctor. o wait brazil doesn't have any since you're poor fucks
(36:32 / All) KODOS_FOR_SAKEN: green is pinging at random mines because he's a brazilian dumbfuck
(36:49 / All) JAYCUTLERSUCKS: wholy shit
(36:52 / All) Mr.Fox.Br: no mothe fucker, i prefere the womans here... we arnt a fat nerds as u who only play this game and masturbat ur self seeing
(36:52 / All) JAYCUTLERSUCKS: look atm y army
(36:55 / All) JAYCUTLERSUCKS: go to middle itachi
(36:57 / All) Mr.Fox.Br: gay porn
(37:03 / All) KODOS_FOR_SAKEN: you're right
(37:04 / All) DIGAO6969: BLUE YOU NEED SPIDER
(37:12 / All) KODOS_FOR_SAKEN: your women just get scabies instead
(37:41 / All) DIGAO6969: CHECK MINES BASTARD
(37:44 / All) KODOS_FOR_SAKEN: do you enjoy having std ridden women with cholera, scabies, and colon cancer?
(37:52 / All) KODOS_FOR_SAKEN: better than our fat scottish-canadian women right?
(38:24 / All) DIGAO6969: HAHAHAAH
(38:30 / All) DIGAO6969: SUPRPRISE
(38:30 / All) KODOS_FOR_SAKEN: we're not attacking each other
(38:30 / All) JAYCUTLERSUCKS: we are friends
(38:36 / All) KODOS_FOR_SAKEN: br fags don't know what the M key does
(38:37 / All) Mr.Fox.Br: lol, go learn something after to say this shit
(38:50 / All) KODOS_FOR_SAKEN: I wouldn't want to learn how to say that br shit
(38:55 / All) Mr.Fox.Br: u are gays...
(38:56 / All) KODOS_FOR_SAKEN: it's for poor faggots with diseases
(39:06 / All) Mr.Fox.Br: lol
(39:11 / All) Mr.Fox.Br: my god...
(39:11 / All) JAYCUTLERSUCKS: purple use yellows heros
(39:27 / All) KODOS_FOR_SAKEN: did you know that br faggots are 70% more likely to die young from starvation or disease?
(39:31 / All) KODOS_FOR_SAKEN: OF BRAZIL
(39:33 / Allies) Mr.Fox.Br: lol
(39:38 / All) KODOS_FOR_SAKEN: they care about their w/l record
(39:43 / All) KODOS_FOR_SAKEN: that's why they're staying
(39:48 / All) KODOS_FOR_SAKEN: they hope that blue kills me
(39:50 / All) KODOS_FOR_SAKEN: since they suck at this game
(39:57 / All) KODOS_FOR_SAKEN: you're so funny'
(40:05 / All) DIGAO6969: HACKER?
(40:09 / All) KODOS_FOR_SAKEN: ??
(40:23 / All) DIGAO6969: BLUE
(40:31 / All) KODOS_FOR_SAKEN: green
(40:32 / All) DIGAO6969: DESTROYER BASE PINK AND WIN
(40:37 / All) KODOS_FOR_SAKEN: you have unlimited times to resume the game
(40:40 / All) KODOS_FOR_SAKEN: it's not "hacking"
(40:42 / All) KODOS_FOR_SAKEN: noobie fuck
(41:12 / All) KODOS_FOR_SAKEN: teal left angrily
(41:15 / All) KODOS_FOR_SAKEN: without a word
(41:16 / All) KODOS_FOR_SAKEN: :(
(41:49 / All) KODOS_FOR_SAKEN: green gave me lumber
(41:52 / All) KODOS_FOR_SAKEN: I need gold though
(42:17 / All) DIGAO6969: BLUE WIN
(42:36 / All) KODOS_FOR_SAKEN: GREEN
(42:38 / All) KODOS_FOR_SAKEN: GET THE FUCK OUT
(42:38 / All) KODOS_FOR_SAKEN: GET THE FUCK OUT
(42:42 / All) KODOS_FOR_SAKEN: GET THE FUCK OUT
(42:44 / All) KODOS_FOR_SAKEN: GET THE FUCK OUT
(42:47 / All) KODOS_FOR_SAKEN: GO BACK TO BR FAGGOT
(42:50 / All) KODOS_FOR_SAKEN: GET THE FUCK OTU
(42:52 / Allies) KODOS_FOR_SAKEN: GET THE FUCK OUT
(42:55 / All) KODOS_FOR_SAKEN: GET THE FUCK OUT
(43:46 / All) KODOS_FOR_SAKEN: green, I have tons of lumber
(43:51 / All) KODOS_FOR_SAKEN: just leave faggot
(44:33 / All) KODOS_FOR_SAKEN: 299 gold, thanks green
(44:43 / All) KODOS_FOR_SAKEN: I can see that
(44:48 / All) KODOS_FOR_SAKEN: He's switching from ud to hu
(45:13 / All) KODOS_FOR_SAKEN: purp just gave me level 10
(45:14 / All) KODOS_FOR_SAKEN: thanks
(45:23 / All) JAYCUTLERSUCKS: get 2nd hero
(45:28 / All) KODOS_FOR_SAKEN: k
(45:50 / Allies) KODOS_FOR_SAKEN: I know
(45:59 / All) KODOS_FOR_SAKEN: I'm level 10
(46:02 / All) KODOS_FOR_SAKEN: so don't feed yet
(46:05 / All) JAYCUTLERSUCKS: no towers nigger
(46:06 / All) KODOS_FOR_SAKEN: waiting on 2nd hero
(46:07 / All) JAYCUTLERSUCKS: get 2nd
(46:10 / All) JAYCUTLERSUCKS: which one?
(46:14 / All) KODOS_FOR_SAKEN: archmage
(46:24 / All) KODOS_FOR_SAKEN: I'm teching to castle before my expo
(46:26 / All) KODOS_FOR_SAKEN: archmage is here
(47:00 / All) DIGAO6969: NO DESTROYR?
(48:15 / All) DIGAO6969: YELLOW IS HERE
(48:34 / All) KODOS_FOR_SAKEN: yellow, you can't bm harass me anymore
(48:41 / All) KODOS_FOR_SAKEN: getting detect invisible on arcane towers
(48:42 / All) KODOS_FOR_SAKEN: nigguh
(50:25 / All) JAYCUTLERSUCKS: wood plz purple
(50:48 / All) DIGAO6969: USE POWER
(50:48 / All) KODOS_FOR_SAKEN: level 6 archmage
(50:53 / All) KODOS_FOR_SAKEN: mass tp
(51:51 / All) DIGAO6969: HERO
(52:01 / All) KODOS_FOR_SAKEN: stfu green, I can see his fucking expo I have towers there
(52:14 / All) KODOS_FOR_SAKEN: stop pinging, you've been pinging that all fucking game
(52:41 / All) KODOS_FOR_SAKEN: GREEN, I CAN SEE THAT YOU BRAZILIAN DUMBFUCK
(53:19 / All) KODOS_FOR_SAKEN: GREEN
(53:21 / All) KODOS_FOR_SAKEN: STOP PINGING
(53:23 / All) KODOS_FOR_SAKEN: SHUT THE FUCK UP
(53:24 / All) KODOS_FOR_SAKEN: CUNTBAG
(53:51 / All) KODOS_FOR_SAKEN: give me xp
(53:57 / All) KODOS_FOR_SAKEN: dont kill my shit
(54:44 / All) KODOS_FOR_SAKEN: 7 HP
(54:45 / All) KODOS_FOR_SAKEN: RAPE
(55:11 / All) KODOS_FOR_SAKEN: WTF MANG
(55:20 / All) KODOS_FOR_SAKEN: YOU'RE JERKING OFF GREEN
(55:38 / All) DIGAO6969: LOSER
(56:16 / All) DIGAO6969: ?
(56:35 / All) DIGAO6969: GOOD PINK
(56:36 / All) KODOS_FOR_SAKEN: green, you have stretched this out long enough
(56:40 / All) KODOS_FOR_SAKEN: I am killing myself
(56:43 / All) KODOS_FOR_SAKEN: my castle and shit
(56:50 / All) DIGAO6969: AUAHAUHHAUAHUHAHUA
(56:57 / All) DIGAO6969: PRO
(56:57 / All) KODOS_FOR_SAKEN: brazil faggot, laugh like a normal person
(56:59 / All) DIGAO6969: LVL
(57:02 / All) DIGAO6969: LVL 1
(57:02 / All) KODOS_FOR_SAKEN: stfu
(57:21 / All) DIGAO6969: BLUE YOU WIN
(57:25 / All) KODOS_FOR_SAKEN: AND YOU LOSE
(57:31 / All) KODOS_FOR_SAKEN: STARVING BR NIGGER
(57:34 / All) DIGAO6969: NO PRBLEM
(57:40 / All) KODOS_FOR_SAKEN: WC3 CAN"T PAY THE BILLS DUMBFUCK
(57:42 / All) KODOS_FOR_SAKEN: GO SHOVEL MUD
(57:44 / All) KODOS_FOR_SAKEN: BR FAG
(57:57 / All) KODOS_FOR_SAKEN: MAYBE YOU CAN GET A JOB AS A STARVING HOOKER
(58:09 / All) KODOS_FOR_SAKEN: BUT YOU'RE AS UGLY AS A PILE OF STEAMING TRIBESMAN SHIT
(58:19 / All) KODOS_FOR_SAKEN: GET THE FUCK OUT OF THE BRONZE AGE, TRIBE NIGS
(58:19 / All) DIGAO6969: BYE NOOB
(58:21 / All) KODOS_FOR_SAKEN: BYE
(58:23 / All) KODOS_FOR_SAKEN: YOU LOSE
(58:30 / All) KODOS_FOR_SAKEN: YOURE PISSPOR W/L RATIO IS GETTING EVEN WORSE
(58:31 / All) JAYCUTLERSUCKS: good work
(58:34 / All) KODOS_FOR_SAKEN: THAT'S SOMEHOW POSSIBLE
(58:40 / All) KODOS_FOR_SAKEN: you too
(58:54 / All) JAYCUTLERSUCKS: for some reason
(58:57 / All) JAYCUTLERSUCKS: u keep getting the strong teams
(59:01 / All) KODOS_FOR_SAKEN: yeah
(59:03 / All) KODOS_FOR_SAKEN: it's weird
(59:32 / All) KODOS_FOR_SAKEN: it's hilarious how hard they tried
(59:37 / All) KODOS_FOR_SAKEN: they wanted this win so bad
(59:39 / All) KODOS_FOR_SAKEN: teal and green
(59:48 / All) KODOS_FOR_SAKEN: wc3 is srs bizness
(59:49 / All) JAYCUTLERSUCKS: my team was absolutely terrible again
(59:54 / All) KODOS_FOR_SAKEN: lol